MLB
KANSAS CITY ROYALS @ TORONTO BLUE JAYS
04/02/2099
 
TOP OF THE 1ST
Kansas City Royals batting - Pitching for Toronto Blue Jays : RHP Curt Tupper
Pitching: RHP Curt Tupper
Batting: LHB Danny Bonilla 0-0: Called Strike
0-1: Foul Ball, location: 2F
0-2: Ball
1-2: Strikes out looking
Batting: LHB Mike Andreas 0-0: Ball
1-0: Foul Ball, location: 2F
1-1: Ball
2-1: Called Strike
2-2: SINGLE (Groundball, 4MD, EV 105.0 MPH)
Batting: RHB Blake Linden 0-0: Swinging Strike
0-1: Foul Ball, location: 25FF
0-2: Foul Ball, location: 2RF
0-2: DOUBLE (Flyball, 89D, EV 95.0 MPH)
Mike Andreas to third
Runner from 3rd tries for Home, SAFE, no throw by CF
Batting: LHB Tony Monterosa 0-0: Called Strike
0-1: Foul Ball, location: 25FF
0-2: Ball
1-2: Strikes out swinging
Batting: SHB Bobby Noriega 0-0: Swinging Strike
0-1: Ball
1-1: Ball
2-1: Foul Ball, location: 2F
2-2: Strikes out swinging
Top of the 1st over - 1 run, 2 hits, 0 errors, 1 left on base; Kansas City 1 - Toronto 0
BOTTOM OF THE 1ST
Toronto Blue Jays batting - Pitching for Kansas City Royals : RHP Craig Abling
Pitching: RHP Craig Abling
Batting: RHB Danny Daugherty 0-0: Ball
1-0: Ground out 6-3 (Groundball, 6S, EV 83.1 MPH)
Batting: RHB Greg Whitaker 0-0: Ball
1-0: Ball
2-0: Ball
3-0: Called Strike
3-1: Called Strike
3-2: SINGLE (Groundball, 56D, EV 106.9 MPH)
Batting: SHB Dennis Desper 0-0: Ball
1-0: Called Strike
1-1: Ball
2-1: Ball
3-1: Grounds out, U3 (Groundball, 3L, EV 101.3 MPH)
Batting: LHB Ramon Anguiano 0-0: Foul Ball, location: 3F
0-1: Ball
1-1: Ball
2-1: Swinging Strike
2-2: Fly out, F7 (Flyball, 78M, EV 93.1 MPH)
Bottom of the 1st over - 0 runs, 1 hit, 0 errors, 1 left on base; Kansas City 1 - Toronto 0
TOP OF THE 2ND
Kansas City Royals batting - Pitching for Toronto Blue Jays : RHP Curt Tupper
Batting: RHB Trent Poynter 0-0: Ball
1-0: Foul Ball, location: 25F
1-1: Ball
2-1: Foul Ball, location: 3F
2-2: Strikes out looking
Batting: RHB Maurice Groen 0-0: Ball
1-0: Called Strike
1-1: Fly out, F7 (Flyball, 7, EV 93.8 MPH)
Batting: RHB Bobby Sells 0-0: Ball
1-0: Swinging Strike
1-1: Swinging Strike
1-2: Strikes out looking
Top of the 2nd over - 0 runs, 0 hits, 0 errors, 0 left on base; Kansas City 1 - Toronto 0
BOTTOM OF THE 2ND
Toronto Blue Jays batting - Pitching for Kansas City Royals : RHP Craig Abling
Batting: LHB Collin Coleman 0-0: Ball
1-0: Ball
2-0: Ball
3-0: Ground out U3 (Groundball, 34S, EV 81.9 MPH)
Batting: RHB Justin Dupree 0-0: Called Strike
0-1: Reached on error, E1 (Groundball, 34S, EV 71.3 MPH)
Batting: RHB Greg Bates 0-0: Called Strike
0-1: Fielders Choice at 2nd, 5-4 (Groundball, 5, EV 81.3 MPH)
Batting: SHB Damani Fowlkes 0-0: Called Strike
Greg Bates is caught stealing 2nd base 2-6
Bottom of the 2nd over - 0 runs, 0 hits, 1 error, 0 left on base; Kansas City 1 - Toronto 0
TOP OF THE 3RD
Kansas City Royals batting - Pitching for Toronto Blue Jays : RHP Curt Tupper
Batting: SHB Josh Harder 0-0: Fly out, F9 (Line Drive, 89M, EV 91.9 MPH)
Batting: LHB Danny Bonilla 0-0: Swinging Strike
0-1: Foul Ball, location: 9LMFF
0-2: Ball
1-2: Ball
2-2: Foul Ball, location: 2LF
2-2: Strikes out swinging
Batting: LHB Mike Andreas 0-0: Ball
1-0: Ball
2-0: Foul Ball, location: 23FF
2-1: Ball
3-1: Base on Balls
Batting: RHB Blake Linden 0-0: Fly out, F8 (Flyball, 8LS, EV 84.4 MPH)
Top of the 3rd over - 0 runs, 0 hits, 0 errors, 1 left on base; Kansas City 1 - Toronto 0
BOTTOM OF THE 3RD
Toronto Blue Jays batting - Pitching for Kansas City Royals : RHP Craig Abling
Batting: SHB Damani Fowlkes 0-0: Swinging Strike
0-1: Called Strike
0-2: Strikes out swinging
Batting: RHB William Taveras 0-0: Called Strike
0-1: Foul Ball, location: 2F
0-2: Ball
1-2: Ball
2-2: Fly out, F7 (Flyball, 7, EV 95.0 MPH)
Batting: RHB Danny Daugherty 0-0: Swinging Strike
0-1: Ball
1-1: Foul Ball, location: 2F
1-2: Foul Ball, location: 3SF
1-2: Ball
2-2: Ground out 5-3 (Groundball, 5, EV 81.9 MPH)
Bottom of the 3rd over - 0 runs, 0 hits, 0 errors, 0 left on base; Kansas City 1 - Toronto 0
TOP OF THE 4TH
Kansas City Royals batting - Pitching for Toronto Blue Jays : RHP Curt Tupper
Batting: LHB Tony Monterosa 0-0: Swinging Strike
0-1: Ball
1-1: Ball
2-1: Called Strike
2-2: Ball
3-2: Base on Balls
Batting: SHB Bobby Noriega 0-0: Ball
1-0: Ball
2-0: Called Strike
2-1: Called Strike
Pickoff Throw to First - Out! 1-3
2-2: Foul Ball, location: 2F
2-2: Ball
3-2: Fly out, F5 (Popup, 5S, EV 79.4 MPH)
Batting: RHB Trent Poynter 0-0: Swinging Strike
0-1: Ball
1-1: Foul Ball, location: 9LSF
1-2: Foul Ball, location: 9LDF
1-2: Foul Ball, location: 9LSF
1-2: Foul Ball, location: 9LSF
1-2: Foul Ball, location: 2RF
1-2: Fly out, F9 (Flyball, 89S, EV 99.4 MPH)
Top of the 4th over - 0 runs, 0 hits, 0 errors, 0 left on base; Kansas City 1 - Toronto 0
BOTTOM OF THE 4TH
Toronto Blue Jays batting - Pitching for Kansas City Royals : RHP Craig Abling
Batting: RHB Greg Whitaker 0-0: Swinging Strike
0-1: Swinging Strike
0-2: Ball
1-2: Ground out 4-3 (Groundball, 4, EV 91.3 MPH)
Batting: SHB Dennis Desper 0-0: Ball
1-0: Ball
2-0: Called Strike
2-1: Ball
3-1: Swinging Strike
3-2: Ground out 4-3 (Groundball, 4, EV 81.9 MPH)
Batting: LHB Ramon Anguiano 0-0: Fly out, F8 (Flyball, 8RM, EV 93.8 MPH)
Bottom of the 4th over - 0 runs, 0 hits, 0 errors, 0 left on base; Kansas City 1 - Toronto 0
TOP OF THE 5TH
Kansas City Royals batting - Pitching for Toronto Blue Jays : RHP Curt Tupper
Pitching: RHP Ryan Czarnecki
Now at 2B: Brian Burton
Batting: RHB Maurice Groen 0-0: Foul Ball, location: 9LSF
0-1: Swinging Strike
0-2: Strikes out swinging
Pinch Hitting: RHB Kevin Stark 0-0: Ball
1-0: Foul Ball, location: 23F
1-1: SINGLE (Groundball, 34D, EV 102.5 MPH)
Batting: SHB Josh Harder 0-0: Called Strike
0-1: Ball
1-1: Called Strike
1-2: Ball
2-2: Grounds into double play, 6-4-3 (Groundball, 6M, EV 86.9 MPH)
Top of the 5th over - 0 runs, 1 hit, 0 errors, 0 left on base; Kansas City 1 - Toronto 0
BOTTOM OF THE 5TH
Toronto Blue Jays batting - Pitching for Kansas City Royals : RHP Craig Abling
Now at 1B: Trent Poynter
Now at 2B: Danny Bonilla
Now at 3B: Kevin Stark
Now in LF: Bobby Noriega
Now in CF: Kyle Mellecker
Now in RF: Jayden Oden
Batting: LHB Collin Coleman 0-0: Ball
1-0: Foul Ball, location: 5SF
1-1: Swinging Strike
1-2: Foul Ball, location: 7LSF
1-2: DOUBLE (Line Drive, 89XD, EV 105.6 MPH)
Batting: RHB Justin Dupree 0-0: Called Strike
0-1: Ground out 4-3 (Groundball, 4, EV 88.1 MPH)
Collin Coleman to third
Batting: RHB Greg Bates 0-0: Ball
1-0: Ball
2-0: Ball
3-0: Base on Balls
Batting: SHB Damani Fowlkes 0-0: Swinging Strike
0-1: Ball
1-1: Foul Ball, location: 5DF
1-2: Ball
2-2: Ball
3-2: Strikes out looking
Batting: RHB William Taveras 0-0: Fly out, F8 (Flyball, 8RM, EV 79.4 MPH)
Bottom of the 5th over - 0 runs, 1 hit, 0 errors, 2 left on base; Kansas City 1 - Toronto 0
TOP OF THE 6TH
Kansas City Royals batting - Pitching for Toronto Blue Jays : RHP Ryan Czarnecki
Pitching: LHP Mike Cerretani
Now at SS: Mark Spalding
Now in CF: Steve Bova
Pinch Hitting: RHB Jacob Huckaby 0-0: DOUBLE (Flyball, 78D, EV 96.9 MPH)
Batting: RHB Jordan Baeza 0-0: Called Strike
0-1: Called Strike
0-2: Ball
1-2: Strikes out looking
Batting: RHB Jayden Oden 0-0: SINGLE (Groundball, 6MD, EV 95.0 MPH)
Jacob Huckaby to third
Runner from 3rd tries for Home, SAFE, throw by CF to home
Jayden Oden to second
Batting: RHB Kyle Mellecker 0-0: Ball
1-0: Ball
2-0: Foul Ball, location: 9LSF
2-1: Foul Ball, location: 2F
2-2: Ball
3-2: Base on Balls
Pinch Hitting: RHB Matt McElhose 0-0: Ball
1-0: Ball
2-0: Foul Ball, location: 2F
2-1: Grounds into double play, 6-4-3 (Groundball, 56, EV 97.5 MPH)
Top of the 6th over - 1 run, 2 hits, 0 errors, 1 left on base; Kansas City 2 - Toronto 0
BOTTOM OF THE 6TH
Toronto Blue Jays batting - Pitching for Kansas City Royals : RHP Craig Abling
Pitching: LHP Jim Garvelink
Now at 1B: Alex Rios
Now at 2B: Maurice Groen
Now at SS: Jacob Huckaby
Now in LF: Matt McElhose
Pinch Hitting: LHB John Slaff 0-0: Ball
1-0: Foul Ball, location: 2F
1-1: Called Strike
1-2: Ball
2-2: Ball
3-2: Fly out, F5 (Line Drive, 5, EV 73.8 MPH)
Batting: LHB Brian Burton 0-0: Foul Ball, location: 7LSF
0-1: Ground out 6-3 (Groundball, 6, EV 88.8 MPH)
Pinch Hitting: RHB Ricky Ulloa 0-0: Called Strike
0-1: Ground out 6-3 (Groundball, 6, EV 86.9 MPH)
Bottom of the 6th over - 0 runs, 0 hits, 0 errors, 0 left on base; Kansas City 2 - Toronto 0
TOP OF THE 7TH
Kansas City Royals batting - Pitching for Toronto Blue Jays : LHP Mike Cerretani
Pitching: RHP Adrian Korner
Now at 1B: Ricky Ulloa
Now at 3B: Josh Sherman
Now in LF: John Slaff
Batting: RHB Alex Rios 0-0: Ball
1-0: Ball
2-0: Swinging Strike
2-1: Swinging Strike
2-2: Foul Ball, location: 3F
2-2: Strikes out swinging
Pinch Hitting: RHB Sam Gilpin 0-0: Ball
1-0: Ground out 4-3 (Groundball, 4, EV 88.1 MPH)
Batting: RHB Kevin Stark 0-0: Ball
1-0: Ball
2-0: Foul Ball, location: 5FF
2-1: Ground out 2-3 (Groundball, 15S, EV 68.8 MPH)
Top of the 7th over - 0 runs, 0 hits, 0 errors, 0 left on base; Kansas City 2 - Toronto 0
BOTTOM OF THE 7TH
Toronto Blue Jays batting - Pitching for Kansas City Royals : LHP Jim Garvelink
Now at 2B: Jacob Huckaby
Now at SS: Sam Gilpin
Pinch Hitting: RHB Angel Perez 0-0: Ball
1-0: Called Strike
1-1: SINGLE (Line Drive, 6MD, EV 98.8 MPH)
Batting: LHB Collin Coleman 0-0: Foul Ball, location: 23F
0-1: Foul Ball, location: 2F
0-2: Strikes out swinging
Pitching: RHP George Dunham
Batting: RHB Josh Sherman 0-0: Ball
1-0: Fielders Choice at 2nd, 6-4 (Groundball, 6, EV 108.8 MPH)
Batting: SHB Mark Spalding 0-0: Called Strike
0-1: Ball
Passed Ball!
Josh Sherman to second
1-1: Ball
2-1: Ball
3-1: Ground out 3-1 (Groundball, 34S, EV 88.8 MPH)
Bottom of the 7th over - 0 runs, 1 hit, 0 errors, 1 left on base; Kansas City 2 - Toronto 0
TOP OF THE 8TH
Kansas City Royals batting - Pitching for Toronto Blue Jays : RHP Adrian Korner
Pitching: LHP Greg Earle
Now in LF: Angel Perez
Now in RF: John Slaff
Batting: SHB Josh Harder 0-0: Ball
1-0: Called Strike
1-1: Foul Ball, location: 5DF
1-2: Foul Ball, location: 23F
1-2: Ball
2-2: Ball
3-2: Ground out 6-3 (Groundball, 6S, EV 68.1 MPH)
Batting: RHB Jacob Huckaby 0-0: Ball
1-0: Called Strike
1-1: Fly out, F6 (Line Drive, 4MD, EV 63.8 MPH)
Batting: RHB Jordan Baeza 0-0: Called Strike
0-1: Ground out 2-3 (Groundball, 2R, EV 74.4 MPH)
Top of the 8th over - 0 runs, 0 hits, 0 errors, 0 left on base; Kansas City 2 - Toronto 0
BOTTOM OF THE 8TH
Toronto Blue Jays batting - Pitching for Kansas City Royals : RHP George Dunham
Pitching: LHP B.J. Edwards
Batting: RHB Steve Bova 0-0: Foul Ball, location: 23FF
0-1: SINGLE (Line Drive, 7S, EV 85.0 MPH)
Batting: RHB William Taveras 0-0: Called Strike
0-1: Ball
1-1: Foul Ball, location: 3F
1-2: Ball
2-2: SINGLE (Groundball, 6D, EV 95.6 MPH)
Steve Bova to second
Batting: LHB John Slaff 0-0: Ball
1-0: Foul Ball, location: 2F
1-1: Called Strike
1-2: Foul Ball, location: 2F
1-2: Ball
2-2: Ground out 4-3 (Groundball, 4MS, EV 71.9 MPH)
Steve Bova to third
William Taveras to second
Batting: LHB Brian Burton 0-0: Foul Ball, location: 2F
0-1: Fly out, F8 (Flyball, 89S, EV 89.4 MPH)
Runner from 3rd tags up, OUT at HOME! 8-2
Bottom of the 8th over - 0 runs, 2 hits, 0 errors, 1 left on base; Kansas City 2 - Toronto 0
TOP OF THE 9TH
Kansas City Royals batting - Pitching for Toronto Blue Jays : LHP Greg Earle
Pitching: RHP Victor Urueta
Pinch Hitting: LHB Jorge Castillo 0-0: Ball
1-0: Foul Ball, location: 3FF
1-1: Ball
2-1: Foul Ball, location: 2F
2-2: Ball
3-2: Foul Ball, location: 2F
3-2: Foul Ball, location: 2LF
3-2: Foul Ball, location: 2F
3-2: Ground out 6-3 (Groundball, 6, EV 98.8 MPH)
Batting: RHB Kyle Mellecker 0-0: Foul Ball, location: 5F
0-1: Ball
1-1: Fly out, F8 (Flyball, 89M, EV 91.9 MPH)
Batting: RHB Matt McElhose 0-0: Ground out 2-3 (Groundball, 2L, EV 68.1 MPH)
Top of the 9th over - 0 runs, 0 hits, 0 errors, 0 left on base; Kansas City 2 - Toronto 0
BOTTOM OF THE 9TH
Toronto Blue Jays batting - Pitching for Kansas City Royals : LHP B.J. Edwards
Pitching: LHP Seth Eaton
Now in RF: Travis Bernsen
Batting: RHB Ricky Ulloa 0-0: Ball
1-0: Foul Ball, location: 9LMF
1-1: Ball
2-1: Ball
3-1: SINGLE (Groundball, 6MD, EV 100.0 MPH)
Batting: RHB Angel Perez 0-0: Foul Ball, location: 2F
0-1: Foul Ball, location: 23FF
0-2: Ball
1-2: Ball
2-2: DOUBLE (Line Drive, 89D, EV 105.6 MPH)
Ricky Ulloa to third
Batting: LHB Collin Coleman 0-0: Ball
1-0: Called Strike
1-1: Foul Ball, location: 2F
1-2: Ball
2-2: Foul Ball, location: 2F
2-2: Strikes out swinging
Batting: RHB Josh Sherman 0-0: Called Strike
0-1: Swinging Strike
0-2: Strikes out swinging
Batting: SHB Mark Spalding 0-0: Called Strike
0-1: Called Strike
0-2: Ball
1-2: Ground out 1-3 (Groundball, 13S, EV 61.9 MPH)
Bottom of the 9th over - 0 runs, 2 hits, 0 errors, 2 left on base; Kansas City 2 - Toronto 0
Thursday, May 2nd , 2024 - OOTP Baseball 24.11 Build 85